 Dungeon Crawl Stone Soup version 0.28.0 (webtiles) character file.

Game seed: 9249488809612724984

1520 KamiKatze the Shield-Bearer (level 8, 0/63 HPs)
             Began as a Vine Stalker Fighter on Feb 6, 2022.
             Was a Follower of Uskayaw.
             Succumbed to a gnoll sergeant's poison
             ... on level 6 of the Dungeon.
             The game lasted 00:15:43 (5080 turns).

KamiKatze the Shield-Bearer (Vine Stalker Fighter)  Turns: 5080, Time: 00:15:44

Health: 0/63       AC: 24    Str: 21    XL:     8   Next: 84%
Magic:  4/10       EV:  2    Int:  8    God:    Uskayaw [*.....]
Gold:   207        SH:  5    Dex: 14    Spells: 7/7 levels left

rFire   . . .      SeeInvis .   a - +0 rapier
rCold   . . .      Faith    .   c - +0 buckler
rNeg    . . .      Spirit   +   (armour currently unavailable)
rPois   +          Reflect  .   (helmet currently unavailable)
rElec   .          Harm     .   (cloak currently unavailable)
rCorr   .          Rampage  .   (gloves currently unavailable)
Will    ++...      NoTele   +   (boots currently unavailable)
Stlth   +.........              (no amulet)
HPRegen 1.00/turn               e - ring of willpower
MPRegen 0.12/turn               A - ring of flight

@: brilliant, lethally poisoned (0 -> -3), tree-form, attractive, hasted, very
quick
A: stationary, stasis, torment immunity, boosted hp, (fangs 3), regeneration 1,
magic shield, (antimagic bite), no potion heal 2
a: Renounce Religion, Stomp


You were on level 6 of the Dungeon.
You worshipped Uskayaw.
Uskayaw was noncommittal.
You were a tree.
You visited 1 branch of the dungeon, and saw 6 of its levels.

You collected 207 gold pieces.

Inventory:

Hand Weapons
 a - a +0 rapier (weapon)
 k - a +0 morningstar
Missiles
 f - 136 stones
 n - 14 poisoned darts (quivered)
Armour
 b - a +0 scale mail (melded)
 c - a +0 buckler (worn)
 g - a +0 chain mail
 i - a +0 leather armour
 p - a +2 pair of boots of stealth (melded)
 v - a +0 cloak (melded)
Jewellery
 e - a ring of willpower (left branch)
 w - a ring of wizardry
 A - a ring of flight (right branch)
Wands
 C - a wand of mindburst (13)
Scrolls
 h - 6 scrolls of identify {unknown}
 j - 2 scrolls of enchant armour {unknown}
 l - a scroll of fear {unknown}
 m - a scroll of amnesia {unknown}
 o - a scroll of enchant weapon {unknown}
 q - a scroll of noise {unknown}
 r - a scroll of silence {unknown}
 y - a scroll of teleportation {unknown}
 B - a scroll of torment {unknown}
Potions
 d - a potion of might
 u - a potion of curing {unknown}
 x - a potion of lignification
 z - a potion of haste
 D - a potion of invisibility {unknown}
 E - a potion of degeneration {unknown}


   Skills:
 + Level 4.5 Fighting
 * Level 5.4 Short Blades
 + Level 4.1 Armour
 + Level 3.0 Dodging
 * Level 5.8 Shields
 + Level 1.4 Invocations


You had 7 spell levels left.
You didn't know any spells.
Your spell library contained the following spells:

 Spells                   Type           Power      Damage    Failure   Level
 Tukima's Dance           Hex            0%         N/A       86%         3
 Anguish                  Hex/Necr       0%         N/A       99%         4
 Passage of Golubria      Tloc           0%         N/A       99%         4
 Yara's Violent Unravell  Hex/Tmut       0%         3d3       100%        5
 Enfeeble                 Hex            0%         N/A       100%        7


Dungeon Overview and Level Annotations

Branches:
Dungeon (6/15)
 Temple: D:4-7

Altars:
Uskayaw
The Shining One

Annotations:
D:5 1 runed translucent door, exclusion: door, daodarkstar's ghost, novice DsFi


Innate Abilities, Weirdness & Mutations

You are a tree.
Your roots penetrate the ground, keeping you stationary.
You cannot be teleported.
You are immune to unholy pain and torment.
Your maximum health is greatly increased.
Your equipment is partially melded.
((You have razor-sharp teeth.))
Your natural rate of healing is unusually fast.
When hurt, damage is shared between your health and your magic reserves.
((Your bite disrupts and absorbs the magic of your enemies.))
Potions cannot restore your health.


Message History

You miss the jackal. Your bite misses the jackal.
The jackal bites you but does no damage.
You block the jackal's attack. The jackal barely misses you.
The jackal closely misses you. The jackal bites you.
The jackal closely misses you.
The jackal bites you but does no damage.
The gnoll sergeant hits you from afar with a +2 trident of venom!
* * * LOW HITPOINT WARNING * * *
You are lethally poisoned!
* * * LOW HITPOINT WARNING * * *
You feel very sick.
* * * LOW HITPOINT WARNING * * *
You feel very sick.
* * * LOW HITPOINT WARNING * * *
You feel sick.
The jackal bites you but does no damage.
Okay, then.
It was a potion of attraction.
You feel attractive to monsters.
* * * LOW HITPOINT WARNING * * *
You feel sick. The jackal barely misses you.
It was a potion of lignification.
You turn into a tree.
Your +0 cloak melds into your body.
Your +2 pair of boots of stealth melds into your body.
Your +0 scale mail melds into your body.
You feel less stealthy.
Your roots penetrate the ground.
You feel sick.
The jackal bites you but does no damage.
The gnoll sergeant hits you but does no damage.
You are lethally poisoned!
The jackal bites you but does no damage.
It was a potion of brilliance.
You feel clever all of a sudden.
* * * LOW HITPOINT WARNING * * *
You feel sick.
The gnoll sergeant hits you from afar with a +2 trident of venom.
The jackal bites you but does no damage.
The bullfrog is attracted toward you.
It was a potion of haste.
You feel yourself speed up.
You die...

#.§........... .# #..............
.# #.............. #.#
##...F.......... ..#
#............... ..#
#............... ..#
#..............# #..... .#
#......♣....# #..... ###
#......h.#### #..... ..##
#...####g######## #.... ...#
##..#.Yg.....##..## #... ..†##
#..##..#''#.......## #...
.).)#####.###.##.)##.......# #..
......##..###.##..##.......####..
...........##..####.........##..#
$#####...g..#...##...........#..#


You could see a gnoll sergeant, a bullfrog (wandering) and a jackal.

Vanquished Creatures
  Duvessa (D:4)
  2 water moccasins (D:5)
  A necrophage (D:6)
  3 ogres (D:5)
  A centaur (D:4)
  A water moccasin skeleton (D:4)
  Dowan (D:4)
  3 hounds
  2 orc priests (D:3)
  3 bullfrog skeletons
  A centaur skeleton (D:5)
  Ijyb (D:5)
  Terence (D:3)
  3 iguanas
  A hound zombie (D:5)
  11 gnolls
  5 adders
  5 ufetubi
  An adder skeleton (D:5)
  4 worms (D:2)
  2 dart slugs
  12 orcs
  7 endoplasms
  4 giant cockroaches
  3 hobgoblins
  5 jackals
  3 quokkas (D:3)
  6 ball pythons
  A bat (D:1)
  5 frilled lizards
  8 goblins
  4 kobolds
  7 rats
118 creatures vanquished.

Vanquished Creatures (others)
  A hound (D:5)
  An iguana (D:5)
2 creatures vanquished.

Grand Total: 120 creatures vanquished

Notes
Turn   | Place    | Note
-------+----------+-------------------------------------------
     0 | D:1      | KamiKatze the Vine Stalker Fighter began the quest for the
                  | Orb.
     0 | D:1      | Reached XP level 1. HP: 11/11 MP: 2/2
   313 | D:1      | Reached XP level 2. HP: 16/16 MP: 3/3
   858 | D:1      | Reached XP level 3. HP: 19/19 MP: 4/4
   905 | D:1      | Found a faded altar of an unknown god.
  1628 | D:2      | Gained mutation: Your natural rate of healing is unusually
                  | fast. [Vine Stalker growth]
  1628 | D:2      | Reached XP level 4. HP: 23/23 MP: 5/5
  1817 | D:2      | Reached skill level 1 in Dodging
  2485 | D:3      | Reached XP level 5. HP: 28/28 MP: 6/6
  2804 | D:3      | Found a hide-covered altar of Uskayaw.
  2820 | D:3      | Became a worshipper of Uskayaw the Reveller
  2858 | D:3      | Reached * piety under Uskayaw
  2859 | D:3      | Reached XP level 6. HP: 32/32 MP: 7/7
  3075 | D:3      | Noticed Terence
  3096 | D:3      | Killed Terence
  3096 | D:3      | Reached ** piety under Uskayaw
  3630 | D:4      | Reached XP level 7. HP: 36/36 MP: 8/8
  3755 | D:4      | Noticed Duvessa
  3755 | D:4      | Noticed Dowan
  3781 | D:4      | Killed Duvessa
  3785 | D:4      | Reached *** piety under Uskayaw
  3787 | D:4      | Killed Dowan
  4007 | D:5      | Entered Level 5 of the Dungeon
  4057 | D:5      | Noticed daodarkstar's ghost (novice DsFi)
  4065 | D:5      | Found a runed translucent door.
  4075 | D:5      | Found a glowing golden altar of the Shining One.
  4110 | D:5      | Reached **** piety under Uskayaw
  4111 | D:5      | Reached skill level 5 in Shields
  4111 | D:5      | Gained mutation: You have razor-sharp teeth. [Vine Stalker
                  | growth]
  4111 | D:5      | Reached XP level 8. HP: 42/42 MP: 9/9
  4272 | D:5      | Noticed Ijyb
  4290 | D:5      | Killed Ijyb
  4515 | D:5      | Reached skill level 5 in Short Blades
  4874 | D:5      | Reached skill level 1 in Invocations
  5036 | D:6      | Reached ***** piety under Uskayaw
  5076 | D:6      | HP: 2/42 [poisoned by a gnoll sergeant]
  5080 | D:6      | Succumbed to a gnoll sergeant's poison

Illustrated notes

Levels and vault maps discovered:
D:1:      evilmike_arrival_hilbert_curve, layout_basic,
          hellmonk_ecumenical_altar_run_dry, minivault_27
D:2:      layout_basic, serial_rivers, chequers_serial_rivers_small_a,
          chequers_serial_rivers_room_a, chequers_serial_rivers_room_a,
          chequers_serial_rivers_micro_d, chequers_serial_rivers_micro_e,
          hangedman_decor_lopped
D:3:      layout_basic, nicolae_uskayaw_murder_on_the_dancefloor, uniq_terence
D:4:      layout_loops_cross, uniq_duvessa
D:5:      layout_loops_ring, lemuel_crystal_altar,
          hellmonk_ghost_happy_afterlife, lemuel_flamethrower_2, uniq_ijyb
D:6:      layout_cave_pods, grunt_temple_overflow_forces_of_nature,
          serial_gnoll_camp, gnoll_camp_mini_hut, gnoll_camp_huts_basic,
          gnoll_camp_mini_basic, gnoll_camp_mini_hut, gnoll_camp_mini_loothouse,
          gnoll_camp_mini_basic, kennysheep_generic_room_7

Skill      XL: |  1  2  3  4  5  6  7  8 |
---------------+-------------------------+-----
Short Blades   | 2 3 4 5 |  5.4
Shields        | 3 4 5 |  5.8
Fighting       | 3 4 |  4.5
Dodging        | 1 2 3 |  3.0
Armour         | 3 4 |  4.1
Invocations    | 1 |  1.4

Action                   |  1- 3 |  4- 6 |  7- 9 || total
-------------------------+-------+-------+-------++-------
Melee: Rapier            |    80 |   166 |   190 ||   436
       Bite              |    24 |    50 |    64 ||   138
Throw: Dart              |       |     2 |       ||     2
  Use: Potion            |       |       |     4 ||     4
 Stab: Paralysed         |       |       |     6 ||     6
Armor: Scale mail        |    21 |    62 |    81 ||   164
       Skin              |       |       |     4 ||     4
Dodge: Dodged            |    37 |    59 |    92 ||   188
Block: Buckler           |    12 |    34 |    47 ||    93
